 Dungeon Crawl Stone Soup version 0.31.0-11-ge490571c62 (webtiles) character file.

Game seed: 4666929166946486731

1295 qw the Skirmisher (level 8, -2/46 HPs)
             Began as a Deep Elf Hunter on Feb 4, 2024.
             Slain by a black bear (4 damage)
             ... on level 6 of the Dungeon.
             The game lasted 00:00:21 (4088 turns).

qw the Skirmisher (Deep Elf Hunter)                 Turns: 4088, Time: 00:00:22

Health: -2/46      AC:  8    Str:  9    XL:     8   Next: 30%
Magic:  10/10      EV: 12    Int: 14    God:
Gold:   233        SH:  0    Dex: 22    Spells: 7/7 levels left

rFire   . . .        c - +0 longbow (flame)
rCold   . . .        (shield currently unavailable)
rNeg    . . .        d - +1 ring mail
rPois   .            e - +2 hat
rElec   .            (no cloak)
rCorr   .            (no gloves)
SInv    .            (no boots)
Will    .....        (no amulet)
Stlth   ++           (no ring)
HPRegen 0.27/turn    (no ring)
MPRegen 0.12/turn

%: no passive effects
@: about to teleport
A: agile 1
a: no special abilities


You were on level 6 of the Dungeon.
You visited 1 branch of the dungeon, and saw 6 of its levels.
You also visited: Sewer.

You collected 233 gold pieces.


Innate Abilities, Weirdness & Mutations

You are agile. (Dex +4, Str/Int -1)


   Skills:
 - Level 3.4 Fighting
 + Level 12.2 Ranged Weapons
 - Level 2.1 Armour
 - Level 4.0 Dodging
 - Level 1.2 Stealth


You had 7 spell levels left.
You didn't know any spells.
Your spell library was empty.

Inventory:

Hand Weapons
 c - a +0 longbow of flaming (weapon)
Armour
 d - a +1 ring mail (worn)
 e - a +2 hat (worn)
Wands
 a - a wand of paralysis (22)
Scrolls
 i - 2 scrolls of identify
 l - a scroll of brand weapon {unknown}
Potions
 f - a potion of cancellation
 g - a potion of degeneration {unknown}
 h - a potion of mutation
 j - a potion of might {unknown}
 k - a potion of haste {unknown}
 m - a potion of curing {unknown}
 n - a potion of berserk rage {unknown}

Dungeon Overview and Level Annotations

Branches:
Dungeon (6/15)              Sewer (visited)
 Temple: D:4-7

Altars:
Dithmenos
Uskayaw
Yredelemnul


Message History

The black bear misses you.
You shoot an arrow. The arrow barely misses the black bear.
The arrow hits the black bear!
The arrow burns the black bear.
The black bear is heavily wounded.
The black bear bites you but does no damage.
The black bear closely misses you. The black bear claws you.
You shoot an arrow. The arrow hits the black bear!
The arrow burns the black bear.
The black bear is heavily wounded.
The black bear bites you but does no damage.
The black bear claws you but does no damage.
The black bear claws you. The black bear barely misses you.
The black bear misses you.
The black bear claws you but does no damage.
You shoot an arrow. The arrow hits the black bear!
The arrow burns the black bear.
You kill the black bear!
The orc warrior hits you from afar with a +0 halberd!
Your Fighting skill increases to level 3!
You shoot an arrow. The arrow barely misses the black bear.
The black bear bites you. The black bear completely misses you.
The black bear claws you. The orc warrior barely misses you.
You shoot an arrow.
The arrow hits the black bear but does no damage.
The black bear is heavily wounded.
You hear an angry growl.
The black bear closely misses you. x2; The black bear barely misses you.
The orc warrior hits you from afar with a +0 halberd!
4087 ||| READING scroll of teleportation.
As you read the scroll of teleportation, it crumbles to dust.
You feel strangely unstable. The black bear misses you.
The black bear claws you but does no damage. x2
The orc warrior hits you from afar with a +0 halberd.
You shoot an arrow.
The arrow closely misses the black bear.
The black bear bites you but does no damage.
The black bear claws you but does no damage. x2
The orc warrior misses you. The black bear bites you.
You die...

# ##..###.######.#### #
#..###.....##.#.. #
#..##.###..#.#.# #
#..##.# #.#.#.# ###. #
#..##.## #(....#### .....
# #...#..###.#.##...#...#
### ##...#.......oog#..h#
..#
##.#.##....#h#...###.g..Y
#.###.......####@##o.#
#... #.#....##..##
#.##..# ' .. #...##.# #[#
#.##.#.Y ...###.# .#
#.##..W.. .#.# #.# ..
#.#####..# ##..##.# #.
... ..# ###..#.# #.# .. #
#.#.# #.. .#.#


You could see an orc warrior and a black bear.

Vanquished Creatures
  Menkaure (D:5)
  An ice beast (D:5)
  2 black bears (D:6)
  Blork the orc (D:4)
  2 scorpions
  A hound (D:5)
  3 bombardier beetles
  4 orc priests
  A sleepcap (D:6)
  Natasha (thrice) (D:4)
  2 orc wizards
  6 gnolls
  10 adders
  2 shadow imps
  6 ufetubi
  2 dart slugs
  2 ribbon worms (D:2)
  21 orcs
  8 endoplasms
  10 giant cockroaches
  3 goblins (D:2)
  6 hobgoblins
  6 jackals
  A quokka (D:4)
  6 ball pythons
  9 bats
  10 frilled lizards
  6 kobolds
  4 rats
139 creatures vanquished.

Notes
Turn   | Place    | Note
-------+----------+-------------------------------------------
     0 | D:1      | qw the Deep Elf Hunter began the quest for the Orb.
     0 | D:1      | Reached XP level 1. HP: 12/12 MP: 3/3
     0 | D:1      | 0 ||| qw: Version: 0.3-a-160-g6735b56
     0 | D:1      | 0 ||| qw: Game counter: 4577
     0 | D:1      | 0 ||| qw: Melee chars always use a shield: true
     0 | D:1      | 0 ||| qw: God list: Okawaru
     0 | D:1      | 0 ||| qw: Allow faded altars: false
     0 | D:1      | 0 ||| qw: Do Orc after clearing Dungeon:15 true
     0 | D:1      | 0 ||| qw: Do second Lair branch before Depths: true
     0 | D:1      | 0 ||| qw: Lair rune preference: random
     0 | D:1      | 0 ||| qw: Goals: Normal
     0 | D:1      | 0 ||| PLANNING D:1-11
    77 | D:1      | Reached XP level 2. HP: 16/16 MP: 4/4
   187 | D:1      | Reached skill level 6 in Ranged Weapons
   518 | D:1      | 518 ||| UPGRADING to +0 ring mail.
   528 | D:1      | 528 ||| DROPPING +0 leather armour.
   529 | D:1      | 529 ||| READING scroll labelled DOOV ROLAVOU.
   530 | D:1      | 530 ||| READING scroll labelled JERI KEUNUUXUE.
   530 | D:1      | 530 ||| IDENTIFYING bubbling cyan potion
   531 | D:1      | 531 ||| DRINKING 2 orange potions.
   531 | D:1      | Gained mutation: You are agile. (Dex +4, Str/Int -1)
                  | [potion of mutation]
   532 | D:1      | 532 ||| DROPPING scroll of butterflies.
   664 | D:2      | 664 ||| SWAPPING to +0 longbow of flaming.
   665 | D:2      | 665 ||| DROPPING +0 shortbow.
   688 | D:2      | You fall into a shaft and drop 2 floors!
   689 | D:4      | 689 ||| READING scroll labelled GEXAUTO SOIG.
   690 | D:4      | 690 ||| READING scroll labelled SYIR MEOREY.
   691 | D:4      | 691 ||| READING scroll labelled SOUPI NAWNIUT.
   798 | D:3      | 798 ||| PLANNING SEWER
   848 | D:3      | Found a faded altar of an unknown god.
   943 | D:3      | Reached XP level 3. HP: 20/20 MP: 5/5
   966 | D:3      | 966 ||| FLEEEEING.
   967 | D:3      | 967 ||| FLEEEEING.
   968 | D:3      | 968 ||| FLEEEEING.
   969 | D:3      | 969 ||| FLEEEEING.
   970 | D:3      | 970 ||| FLEEEEING.
   971 | D:3      | 971 ||| FLEEEEING.
   973 | D:3      | 973 ||| FLEEEEING.
   974 | D:3      | 974 ||| FLEEEEING.
   975 | D:3      | 975 ||| FLEEEEING.
   976 | D:3      | 976 ||| FLEEEEING.
   977 | D:3      | 977 ||| FLEEEEING.
   978 | D:3      | 978 ||| FLEEEEING.
   979 | D:3      | 979 ||| FLEEEEING.
   980 | D:3      | 980 ||| FLEEEEING.
   982 | D:3      | Reached skill level 7 in Ranged Weapons
   982 | D:3      | 982 ||| FLEEEEING.
   983 | D:3      | 983 ||| FLEEEEING.
   985 | D:3      | 985 ||| FLEEEEING.
   986 | D:3      | 986 ||| FLEEEEING.
   988 | D:3      | 988 ||| FLEEEEING.
   989 | D:3      | 989 ||| FLEEEEING.
   990 | D:3      | 990 ||| FLEEEEING.
   991 | D:3      | 991 ||| FLEEEEING.
   992 | D:3      | 992 ||| FLEEEEING.
   993 | D:3      | 993 ||| FLEEEEING.
   994 | D:3      | 994 ||| FLEEEEING.
   995 | D:3      | 995 ||| FLEEEEING.
   996 | D:3      | 996 ||| FLEEEEING.
   997 | D:3      | 997 ||| FLEEEEING.
   998 | D:3      | 998 ||| FLEEEEING.
   999 | D:3      | 999 ||| FLEEEEING.
  1000 | D:3      | 1000 ||| FLEEEEING.
  1002 | D:3      | 1002 ||| FLEEEEING.
  1003 | D:3      | 1003 ||| FLEEEEING.
  1004 | D:3      | 1004 ||| FLEEEEING.
  1005 | D:3      | 1005 ||| FLEEEEING.
  1011 | D:3      | Reached XP level 4. HP: 25/25 MP: 6/6
  1135 | D:3      | Reached skill level 8 in Ranged Weapons
  1273 | D:3      | 1273 ||| FLEEEEING.
  1275 | D:3      | 1275 ||| FLEEEEING.
  1276 | D:3      | 1276 ||| FLEEEEING.
  1297 | D:3      | Found a glowing drain.
  1298 | D:3      | 1298 ||| UPGRADING to +2 hat.
  1303 | D:3      | 1303 ||| READING scroll of identify.
  1303 | D:3      | 1303 ||| IDENTIFYING clear potion
  1304 | D:3      | 1304 ||| READING scroll labelled IJOKHLA QUTIPP.
  1310 | Sewer    | Entered a sewer
  1312 | Sewer    | Reached XP level 5. HP: 29/29 MP: 7/7
  1340 | Sewer    | HP: 7/29 [poisoned by an adder]
  1341 | Sewer    | 1341 ||| DRINKING potion of heal wounds.
  1401 | D:3      | 1401 ||| PLANNING D:1-11
  1665 | D:2      | Reached skill level 9 in Ranged Weapons
  1997 | D:2      | 1997 ||| READING scroll labelled JOPPUTHRU SIBO.
  2397 | D:4      | Reached skill level 3 in Dodging
  2397 | D:4      | Reached XP level 6. HP: 35/35 MP: 8/8
  2462 | D:4      | Noticed Blork the orc
  2464 | D:4      | 2464 ||| ZAPPING wand of paralysis (10) at -3,-7 (Blork the
                  | orc; floor).
  2464 | D:4      | Noticed Natasha
  2467 | D:4      | 2467 ||| ZAPPING wand of paralysis (9) at -1,-3 (Blork the
                  | orc; floor).
  2469 | D:4      | Killed Blork the orc
  2471 | D:4      | Killed Natasha
  2497 | D:4      | 2497 ||| FLEEEEING.
  2561 | D:4      | Noticed Natasha
  2573 | D:4      | Killed Natasha
  2708 | D:4      | Reached skill level 10 in Ranged Weapons
  2836 | D:4      | Noticed Natasha
  2838 | D:4      | Killed Natasha
  2943 | D:4      | 2943 ||| READING scroll labelled COEWNUVIAB.
  2944 | D:4      | 2944 ||| READING scroll labelled VATOOFRUXTU.
  2944 | D:4      | 2944 ||| ENCHANTING +0 ring mail.
  2997 | D:5      | Entered Level 5 of the Dungeon
  3002 | D:5      | 3002 ||| STAIRDANCE
  3016 | D:5      | 3016 ||| STAIRDANCE
  3035 | D:5      | 3035 ||| STAIRDANCE
  3128 | D:5      | Reached XP level 7. HP: 40/40 MP: 9/9
  3175 | D:5      | Found a shadowy altar of Dithmenos.
  3178 | D:5      | Reached skill level 11 in Ranged Weapons
  3183 | D:5      | Found a hide-covered altar of Uskayaw.
  3314 | D:5      | Noticed Menkaure
  3319 | D:5      | Killed Menkaure
  3618 | D:5      | 3618 ||| RETREEEEATING.
  3619 | D:5      | 3619 ||| RETREEEEATING.
  3622 | D:5      | 3622 ||| RETREEEEATING.
  3629 | D:5      | Reached XP level 8. HP: 25/44 MP: 10/10
  3754 | D:5      | Found a basalt altar of Yredelemnul.
  3931 | D:5      | 3931 ||| READING scroll of identify.
  3931 | D:5      | 3931 ||| IDENTIFYING purple potion
  3932 | D:5      | 3932 ||| READING 2 scrolls labelled QIRGHA POAPU.
  3933 | D:5      | 3933 ||| READING scroll labelled BUUPHE ZONWO.
  3938 | D:5      | 3938 ||| DROPPING potion of ambrosia.
  3939 | D:5      | 3939 ||| DROPPING scroll of blinking.
  3985 | D:6      | Reached skill level 12 in Ranged Weapons
  4073 | D:6      | 4073 ||| RETREEEEATING.
  4074 | D:6      | 4074 ||| RETREEEEATING.
  4076 | D:6      | 4076 ||| RETREEEEATING.
  4077 | D:6      | 4077 ||| RETREEEEATING.
  4078 | D:6      | 4078 ||| RETREEEEATING.
  4079 | D:6      | 4079 ||| RETREEEEATING.
  4085 | D:6      | Reached skill level 3 in Fighting
  4086 | D:6      | HP: 7/46 [orc warrior/+0 halberd (11)]
  4087 | D:6      | 4087 ||| READING scroll of teleportation.
  4087 | D:6      | HP: 1/46 [orc warrior/+0 halberd (6)]
  4088 | D:6      | Slain by a black bear

Levels and vault maps discovered:
D:1:      onia_arrival_mini_spirals, layout_rooms, minmay_misc_feat_enclosed,
          chequers_serial_rivers_small_b, minmay_curled_crystal,
          chequers_serial_rivers_micro_e, chequers_serial_rivers_micro_e,
          minivault_26
D:2:      layout_loops_ring
D:3:      layout_loops_ring, chequers_ecumenical_altar_simple,
          mainiacjoe_sewer_entry_somewhere_in_here_2,
          nicolae_houndstooth_variations
D:4:      layout_loops_ring, uniq_blork_the_orc, uniq_natasha
D:5:      layout_cave_pods, grunt_temple_overflow_open, uniq_menkaure
D:6:      layout_rooms, lemuel_crystal_altar, minmay_fractal_squares_diagonal_5

Skill      XL: |  1  2  3  4  5  6  7  8 |
---------------+-------------------------+-----
Ranged Weapons | 6 7 8 9 10 11 12 | 12.2
Fighting       | 2 3 |  3.4
Dodging        | 3 4 |  4.0
Armour         | 2 |  2.1
Stealth        | |  1.2

Action                     |  1- 3 |  4- 6 |  7- 9 || total
---------------------------+-------+-------+-------++-------
   Fire: Shortbow          |    45 |       |       ||    45
         Longbow           |    29 |   165 |    82 ||   276
  Evoke: Wand              |       |     2 |       ||     2
    Use: Scroll            |     5 |     5 |     4 ||    14
         Potion            |     1 |     1 |       ||     2
 Armour: Leather armour    |     1 |       |       ||     1
         Ring mail         |    14 |    69 |    39 ||   122
  Dodge: Dodged            |    11 |    74 |    35 ||   120

Table legend:
 A = Non-vault XP
 B = Vault XP
 C = Vault XP percentage of total XP
 D = Non-vault monster count
 E = Vault monster count
 F = Vault count percentage of total count
                 A         B        C        D         E       F
            +---------+---------+-------+---------+---------+-------
      Total |    1266 |     584 |  31.6 |     117 |      22 |  15.8
            +---------+---------+-------+---------+---------+-------
        D:1 |      22 |       0 |   0.0 |      12 |       0 |   0.0
        D:2 |      51 |       0 |   0.0 |      21 |       0 |   0.0
        D:3 |     147 |      20 |  12.0 |      29 |       6 |  17.1
        D:4 |     246 |     130 |  34.6 |      23 |       2 |   8.0
        D:5 |     623 |     172 |  21.6 |      29 |       1 |   3.3
        D:6 |     177 |     209 |  54.1 |       3 |       2 |  40.0
      Sewer |       0 |      53 | 100.0 |       0 |      11 | 100.0
            +---------+---------+-------+---------+---------+-------
